 Dungeon Crawl Stone Soup version 0.32-a0-931-g5a2cda0630 (webtiles) character file.

Game seed: 1403255418518329844

406 Biggs the Magician (level 7, 45/45 HPs)
             Began as a Djinni Conjurer on Apr 13, 2024.
             Quit the game on level 4 of the Dungeon.
             The game lasted 00:04:06 (2573 turns).

Biggs the Magician (Djinni Conjurer)                Turns: 2573, Time: 00:04:07

Health: 45/45      AC:  6    Str:  6    XL:     7   Next: 12%
Gold:   192        EV: 11    Int: 22    God:
                   SH:  0    Dex: 11

rFire   + + .        (no weapon)
rCold   x . .        (no shield)
rNeg    . . .        o - +2 animal skin
rPois   ∞            p - +1 helmet
rElec   .            (no cloak)
rCorr   .            (no gloves)
SInv    .            (boots unavailable)
Will    .....        (no amulet)
Stlth   ++           (no ring)
HPRegen 0.27/turn    (no ring)

%: no passive effects
@: flying
A: sickness immunity, fire resistance 2, cold vulnerability 1, float, innate
caster, HP casting, extra vitality 1
a: no special abilities


You were on level 4 of the Dungeon.
You visited 1 branch of the dungeon, and saw 4 of its levels.

You collected 192 gold pieces.

Inventory:

Armour
 a - a +0 robe
 o - a +2 animal skin (worn)
 p - a +1 helmet (worn)
Scrolls
 c - a scroll of teleportation {unknown}
 e - a scroll of vulnerability {unknown}
 f - a scroll of enchant weapon {unknown}
 k - 2 scrolls of blinking {unknown}
 m - a scroll of amnesia {unknown}
 n - 4 scrolls of identify {unknown}
 q - a scroll of butterflies {unknown}
Potions
 b - a potion of ambrosia {unknown}
 d - 4 potions of resistance {unknown}
 g - a potion of degeneration {unknown}
 h - a potion of curing {unknown}
 i - a potion of magic {unknown}
 j - a potion of attraction {unknown}
 l - a potion of enlightenment {unknown}


   Skills:
 - Level 2.1 Dodging
 - Level 1.5 Stealth
 + Level 6.4 Spellcasting
 + Level 6.4 Conjurations
 + Level 6.4 Hexes
 + Level 6.4 Summonings
 + Level 6.4 Necromancy
 + Level 6.4 Translocations
 + Level 6.4 Fire Magic
 + Level 6.4 Ice Magic
 + Level 6.4 Air Magic
 + Level 6.4 Earth Magic
 + Level 6.4 Alchemy


You knew the following spells:

 Your Spells              Type           Power      Damage    Failure   Level
a - Magic Dart            Conj           100%       1d8       1%          1
b - Searing Ray           Conj           70%        2d7       1%          2
c - Fulminant Prism       Conj/Alch      17%        3d11      6%          4
d - Iskenderun's Mystic Conj/Tloc 35%            2d8        (+2d4     6%          4
e - Shock                 Conj/Air       100%       1d9       1%          1
f - Mercury Vapours       Alch/Air       70%        N/A       1%          2
g - Dazzling Flash        Conj/Hex       70%        N/A       1%          3
Your spell library was empty.

Dungeon Overview and Level Annotations

Branches:
Dungeon (4/15)
 Temple: D:4-7

Altars:
Elyvilon
Trog


Innate Abilities, Weirdness & Mutations

You are immune to sickness and miasma.
You are immune to poison.
Your flesh is very heat resistant. (rF++)
You are vulnerable to cold. (rC-)
You float through the air rather than walking.
You learn spells naturally, not from books.
Your magical power is your life essence.
You have superior vitality. (+4 MHP)


Message History

You kill the adder!
Unknown command.
You finish channelling your searing ray.
Unknown command.
You hear the slow hiss of a very distant avalanche of sand.
You now have 181 gold pieces (gained 12).
You reach down and open the door.
A goblin comes into view. It is wielding a +0 dagger.
A goblin is nearby!
A goblin is nearby!
A goblin is nearby!
Casting: Searing Ray (safe; 1% risk of failure)
Confirm with . or Enter, or press ? or * to list all spells.
Aiming: Magic Dart (safe; 1% risk of failure)
Press: ? - help, Shift-Dir - straight line, f - goblin
Aim: a goblin, wielding a +0 dagger (asleep, 100% to hit)
The magic dart hits the goblin!
You kill the goblin!
Casting: Magic Dart (safe; 1% risk of failure)
Confirm with . or Enter, or press ? or * to list all spells.
You can't see any susceptible monsters within range! (Use Z to cast anyway.) Unknown command.
Casting: Magic Dart (safe; 1% risk of failure)
Confirm with . or Enter, or press ? or * to list all spells.
You can't see any susceptible monsters within range! (Use Z to cast anyway.)
There is an open door here.
Found a ring mail.
You reach down and open the door.
There is an open door here.
Key pressed, stopping explore.
Key pressed, stopping explore.
You now have 192 gold pieces (gained 11).
Key pressed, stopping explore.
An adder comes into view.
An adder is nearby!
An adder is nearby!
Unknown command.
Unknown command.
The adder hisses angrily.
Are you sure you want to abandon this character and quit the game? (Confirm with "yes".)

#.#######
#........
#.######. #.#
## #.##.#
#.####.#.#
#..?....## .
...###....#....
#..@...#
##...### ##S##
#.# #.# #+. #


You could see an adder.

Vanquished Creatures
  Sigmund (D:2)
  A hound (D:4)
  A bombardier beetle (D:3)
  Robin (D:3)
  4 gnolls (D:3)
  8 adders
  2 dart slugs
  An orc (D:3)
  2 endoplasms
  3 giant cockroaches
  11 goblins
  7 hobgoblins
  3 kobolds
  7 quokkas
  3 ball pythons
  6 bats
  A frilled lizard (D:2)
  6 rats
68 creatures vanquished.

Notes
Turn   | Place    | Note
-------+----------+-------------------------------------------
     0 | D:1      | Biggs the Djinni Conjurer began the quest for the Orb.
     0 | D:1      | Biggs set off with the following spells memorised: Magic
                  | Dart, Searing Ray, Fulminant Prism, Iskenderun's Mystic
                  | Blast.
     0 | D:1      | Reached XP level 1. HP: 15/15 MP: 0/0
   299 | D:1      | Reached XP level 2. HP: 17/21 MP: 0/0
   698 | D:2      | Reached XP level 3. HP: 23/25 MP: 0/0
   698 | D:2      | Learned a level 1 spell: Shock
   781 | D:2      | Noticed Sigmund
   786 | D:2      | Killed Sigmund
   787 | D:2      | Reached skill level 5 in Spellcasting
   787 | D:2      | Reached skill level 5 in Conjurations
   787 | D:2      | Reached skill level 5 in Hexes
   787 | D:2      | Reached skill level 5 in Summonings
   787 | D:2      | Reached skill level 5 in Necromancy
   787 | D:2      | Reached skill level 5 in Translocations
   787 | D:2      | Reached skill level 5 in Fire Magic
   787 | D:2      | Reached skill level 5 in Ice Magic
   787 | D:2      | Reached skill level 5 in Air Magic
   787 | D:2      | Reached skill level 5 in Earth Magic
   787 | D:2      | Reached skill level 5 in Alchemy
   787 | D:2      | Reached XP level 4. HP: 12/31 MP: 0/0
   787 | D:2      | Reached XP level 5. HP: 13/35 MP: 0/0
   787 | D:2      | Learned a level 2 spell: Mercury Vapours
   888 | D:2      | Reached XP level 6. HP: 38/40 MP: 0/0
  1049 | D:2      | Found a faded altar of an unknown god.
  1489 | D:3      | Noticed Robin
  1497 | D:3      | Killed Robin
  1989 | D:3      | Found a white marble altar of Elyvilon.
  2444 | D:4      | Reached XP level 7. HP: 40/45 MP: 0/0
  2444 | D:4      | Learned a level 3 spell: Dazzling Flash
  2462 | D:4      | Found a bloodstained altar of Trog.
  2573 | D:4      | Quit the game

Illustrated notes

Levels and vault maps discovered:
D:1:      minmay_arrival_glassed_features, layout_loops_ring,
          kennysheep_pointless_box
D:2:      layout_basic, chequers_ecumenical_altar_simple, uniq_sigmund
D:3:      layout_basic, nicolae_elyvilon_temple_path, uniq_robin
D:4:      layout_loops_corners, nicolae_overflow_hidden_temple,
          gup_ossuary_entry_pyramid, st_stairs_13, chequers_arboretum

Skill      XL: |  1  2  3  4  5  6 |
---------------+-------------------+-----
Spellcasting   | 4 5 6 |  6.4
Conjurations   | 4 5 6 |  6.4
Hexes          | 4 5 6 |  6.4
Summonings     | 4 5 6 |  6.4
Necromancy     | 4 5 6 |  6.4
Translocations | 4 5 6 |  6.4
Fire Magic     | 4 5 6 |  6.4
Ice Magic      | 4 5 6 |  6.4
Air Magic      | 4 5 6 |  6.4
Earth Magic    | 4 5 6 |  6.4
Alchemy        | 4 5 6 |  6.4
Dodging        | |  2.1
Stealth        | |  1.5

Action                     |  1- 3 |  4- 6 |  7- 9 || total
---------------------------+-------+-------+-------++-------
   Cast: Magic Dart        |    42 |    82 |     2 ||   126
         Searing Ray       |     2 |     9 |     2 ||    13
 Armour: Robe              |     3 |    12 |       ||    15
         Animal skin       |       |     4 |     1 ||     5
  Dodge: Dodged            |     7 |    13 |       ||    20

Table legend: (Time is in decaauts)
 A = Elapsed time spent in this place.
 B = Non-inter-level travel time spent in this place.
 C = Inter-level travel time spent in this place.
 D = Time resting spent in this place.
 E = Time spent auto-exploring this place.
 F = Levels seen in this place.
 G = Mean time per level.
                   A        B        C        D        E       F      G
               +--------+--------+--------+--------+--------+-----+--------+
         Total |   2572 |   2525 |     47 |      0 |   2241 |   4 |  643.0 |
       Dungeon |   2572 |   2525 |     47 |      0 |   2241 |   4 |  643.0 |
               +--------+--------+--------+--------+--------+-----+--------+

Top non-repeatable levels by time:
     D:3: 1068 daAuts
     D:2: 771 daAuts
     D:1: 583 daAuts
     D:4: 148 daAuts
